 Dungeon Crawl Stone Soup version 0.26.0-7-g794d0892b4 (webtiles) character file.

Game seed: 5477310535964148406

15077 Delamore the Basher (level 12, -3/68 HPs)
             Began as a Gargoyle Fighter on Jan 11, 2021.
             Was a High Priest of Vehumet.
             Slain by a 14-headed hydra (10 damage)
             ... on level 2 of the Lair of Beasts.
             The game lasted 00:14:05 (14676 turns).

Delamore the Basher (Gargoyle Fighter)             Turns: 14676, Time: 00:14:05

Health: -3/68      AC: 23    Str: 25    XL:     12   Next: 23%
Magic:  12/12      EV:  7    Int: 17    God:    Vehumet [*****.]
Gold:   1116       SH: 12    Dex: 12    Spells: 11/11 levels left

rFire    . . .     SeeInvis +   U - +8 scimitar of Beogh's Envy {vorpal, *Drain Str+2 Int+6 SInv}
rCold    . . .     Faith    .   c - +0 kite shield
rNeg     + + .     Spirit   .   M - +1 chain mail {rPois}
rPois    ∞         Reflect  .   v - +1 helmet {SInv}
rElec    +         Harm     .   j - +0 cloak
rCorr    +         Rampage  .   R - +0 pair of fencer's gloves {Riposte Dex+3}
Will     .....                  (no boots)
Stlth    ..........             J - amulet of magic regeneration
HPRegen  0.21/turn              x - ring "Gibbuni" {rElec rPois rN+ Stlth+}
MPRegen  0.38/turn              O - ring of resist corrosion (curse)

@: no status effects
A: negative energy resistance 1, electricity resistance, unbreathing,
petrification resistance, miasma immunity, AC +8
a: Renounce Religion


You were on level 2 of the Lair of Beasts.
You worshipped Vehumet.
Vehumet was extremely pleased with you.
You visited 3 branches of the dungeon, and saw 14 of its levels.
You also visited: Sewer and Ossuary.

You collected 1116 gold pieces.

Inventory:

Hand Weapons
 a - a +0 flail
 B - a +2 flail of protection
 U - the +8 scimitar of Beogh's Envy (weapon) {vorpal, *Drain Str+2 Int+6 SInv}
   (You found it on level 11 of the Dungeon)

   It inflicts extra damage upon your enemies.
   It affects your strength (+2).
   It affects your intelligence (+6).
   It lets you see invisible.
   It causes draining when unequipped.
Missiles
 I - 28 poisoned darts (quivered)
Armour
 c - a +0 kite shield (worn)
 j - a +0 cloak (worn)
 v - a +1 helmet of see invisible (worn)
 w - a +0 pair of gloves
 y - a +0 chain mail
 D - a +0 plate armour
 M - a +1 chain mail of poison resistance (worn)
 R - the +0 pair of fencer's gloves (worn) {Riposte Dex+3}
   (You acquired it on level 10 of the Dungeon)

   It affects your dexterity (+3).
Jewellery
 x - the ring "Gibbuni" (left hand) {rElec rPois rN+ Stlth+}
   (You found it on level 4 of the Dungeon)

   [ring of stealth]

   It insulates you from electricity.
   It protects you from poison.
   It protects you from negative energy.
   It makes you more stealthy.
 J - an amulet of magic regeneration (around neck)
 L - an uncursed ring of ice
 O - a cursed ring of resist corrosion (right hand)
Wands
 i - a wand of iceblast (9)
 C - a wand of paralysis (24)
 H - a wand of disintegration (16)
 S - a wand of acid (12)
 T - a wand of digging (5)
Scrolls
 b - 2 scrolls of magic mapping
 e - 3 scrolls of teleportation
 g - 3 scrolls of blinking
 h - 8 scrolls of remove curse
 o - 3 scrolls of enchant weapon {unknown}
 s - 3 scrolls of noise
 t - 2 scrolls of amnesia
 E - a scroll of enchant armour
 F - 2 scrolls of identify
 G - a scroll of holy word
 K - 4 scrolls of fear {unknown}
 W - a scroll of acquirement
Potions
 d - 5 potions of might
 f - 8 potions of brilliance
 k - 7 potions of attraction {unknown}
 l - 3 potions of lignification
 m - 8 potions of flight
 n - 9 potions of heal wounds
 p - 3 potions of cancellation {unknown}
 q - 3 potions of invisibility
 r - a potion of resistance {unknown}
 u - 8 potions of curing {unknown}
 z - a potion of ambrosia {unknown}
 A - 2 potions of mutation {unknown}
 N - 2 potions of degeneration {unknown}
 P - a potion of magic {unknown}
 V - a potion of haste {unknown}
Miscellaneous
 Q - a lightning rod (1/4)


   Skills:
 - Level 5.0 Fighting
 + Level 8.2 Long Blades
 - Level 14.0 Maces & Flails
 - Level 5.0 Throwing
 - Level 3.2 Armour
 - Level 8.7 Shields


You had 11 spell levels left.
You didn't know any spells.
Your spell library contained the following spells:

 Spells                   Type           Power        Failure   Level
 Eringya's Noxious Bog    Tmut/Pois      0%           100%        6
 Animate Skeleton         Necr           0%           98%         1
 Beastly Appendage        Tmut           0%           98%         1
 Pain                     Necr           0%           98%         1
 Wereblood                Tmut           0%           99%         2
 Spider Form              Tmut/Pois      0%           100%        3
 Vampiric Draining        Necr           0%           100%        3
 Animate Dead             Necr           0%           100%        4
 Ice Form                 Ice/Tmut       0%           100%        4
 Agony                    Necr           0%           100%        5
 Blade Hands              Tmut           0%           100%        5
 Irradiate                Conj/Tmut      0%           100%        5
 Hydra Form               Tmut           0%           100%        6
 Dragon Form              Tmut           0%           100%        7
 Statue Form              Tmut/Erth      Unusable     N/A         6

Dungeon Overview and Level Annotations

Branches:
Dungeon (11/15)            Temple (1/1) D:7            Lair (2/6) D:11
  Sewer (visited)         Ossuary (visited)
  Swamp: Lair:2-4    Shoals: Lair:2-4     Snake: Lair:2-4    Spider: Lair:2-4
    Orc: D:9-12

Altars:
Dithmenos
Fedhas
Hepliaklqana
Nemelex Xobeh
Okawaru
Vehumet
Xom
Yredelemnul
The Shining One
Beogh

Annotations:
Lair:1 3 runed translucent doors, Caczuus's ghost, novice SpEE


Innate Abilities, Weirdness & Mutations

You are resistant to torment.
Your stone body is resilient. (AC +8)
You are immune to poison.
You resist negative energy. (rN+)
You are resistant to electric shocks. (rElec)
You can survive without breathing.
You are immune to petrification.
You are immune to miasma.


Message History

The 11-headed hydra grows two more!
You hit the 13-headed hydra.
The 13-headed hydra is severely wounded.
The 13-headed hydra barely misses you.
You riposte.
You slash the 13-headed hydra!
The 13-headed hydra is almost dead.
You block the 13-headed hydra's attack.
The 13-headed hydra bites you but does no damage. x2
You block the 13-headed hydra's attack.
The 13-headed hydra bites you but does no damage.
The 13-headed hydra bites you.
* * * LOW HITPOINT WARNING * * *
The 13-headed hydra barely misses you. You block the 13-headed hydra's attack.
The 13-headed hydra bites you but does no damage. x4
You lop one of the 13-headed hydra's heads off!
The 12-headed hydra grows two more!
You hit the 14-headed hydra.
The 14-headed hydra is almost dead.
You block the 14-headed hydra's attack.
The 14-headed hydra bites you but does no damage.
The 14-headed hydra bites you!
You die...

.. # #...### .# .......
### ##..# .... 8..
##.###..$.. .... +.#
#.........# ....
#..#####.......... ....#
#...#.#...@D.....#
.....##.................
..##.#.###>.............
.#...##.................
##....#.................
#.......#...............
.......#................
.......##...............
.......#.#..........


You could see a 14-headed hydra (corroded).

Vanquished Creatures
  A hydra (D:11)
  An ugly thing (D:11)
  An elephant (D:11)
  A black mamba (Lair:1)
  2 centaur zombies (D:11)
  3 cane toads (Lair:1)
  A rime drake (Lair:2)
  2 polar bears (Lair:1)
  2 komodo dragons
  2 trolls
  4 blink frogs
  12 yaks
  A wyvern (D:8)
  2 basilisks (D:11)
  A steam dragon (D:7)
  A soldier ant (D:11)
  7 orc warriors
  2 water moccasins
  4 black bears
  5 sky beasts
  5 ice beasts
  5 ogres
  A phantom (D:4)
  3 centaurs
  2 big kobolds (Sewer)
  13 bullfrogs
  A gnoll sergeant (D:7)
  4 water moccasin zombies (Ossuary)
  4 scorpions
  16 killer bees
  4 howler monkeys
  An electric eel (Lair:1)
  A quasit (D:10)
  2 lava snakes (D:7)
  7 orc priests
  5 hounds
  4 iguanas
  A jelly (D:11)
  6 orc wizards
  5 centaur skeletons
  5 worker ants
  A big kobold zombie (Ossuary)
  Robin (D:3)
  3 hound skeletons
  3 mummies
  A howler monkey zombie (D:6)
  8 gnolls
  12 adders
  A howler monkey skeleton (D:6)
  8 river rats (Sewer)
  4 white imps
  2 oozes
  An ufetubus (D:7)
  10 adder zombies
  3 worms
  4 dart slugs
  9 leopard geckos
  56 orcs
  7 giant cockroaches
  15 goblins
  8 hobgoblins
  9 jackals
  2 quokkas
  4 ball pythons
  A bat (D:3)
  5 frilled lizards
  2 gnoll zombies (Ossuary)
  6 hobgoblin zombies (Ossuary)
  A jackal skeleton (D:8)
  19 kobolds
  8 kobold zombies (Ossuary)
  5 orc zombies (Ossuary)
  21 rats
390 creatures vanquished.

Vanquished Creatures (others)
  A scorpion (D:11)
  3 fungi
  2 plants
6 creatures vanquished.

Grand Total: 396 creatures vanquished

Notes
Turn   | Place    | Note
-------+----------+-------------------------------------------
     0 | D:1      | Delamore the Gargoyle Fighter began the quest for the Orb.
     0 | D:1      | Reached XP level 1. HP: 14/14 MP: 1/1
    62 | D:1      | Reached XP level 2. HP: 13/19 MP: 2/2
   842 | D:2      | Found a faded altar of an unknown god.
   857 | D:2      | Became a worshipper of Vehumet
   857 | D:2      | Reached * piety under Vehumet
   857 | D:2      | Offered knowledge of Freeze by Vehumet.
   878 | D:2      | Reached XP level 3. HP: 24/24 MP: 3/3
  1397 | D:2      | Reached skill level 3 in Maces & Flails
  1397 | D:2      | Reached XP level 4. HP: 24/29 MP: 4/4
  1740 | D:3      | Offered knowledge of Magic Dart by Vehumet.
  1778 | D:3      | Reached ** piety under Vehumet
  1847 | D:3      | Noticed Robin
  1893 | D:3      | Reached XP level 5. HP: 34/34 MP: 5/5
  1903 | D:3      | Killed Robin
  2181 | D:3      | Found a sparkling altar of Nemelex Xobeh.
  2182 | D:3      | Found a blossoming altar of Fedhas.
  2414 | D:3      | Found a hazy altar of Hepliaklqana.
  2515 | D:3      | Noticed an ice beast
  2534 | D:3      | Killed an ice beast
  2534 | D:3      | Offered knowledge of Conjure Flame by Vehumet.
  2535 | D:3      | Reached skill level 5 in Fighting
  2535 | D:3      | Reached skill level 4 in Maces & Flails
  2535 | D:3      | Reached skill level 5 in Shields
  2535 | D:3      | Reached XP level 6. HP: 33/40 MP: 6/6
  2692 | D:4      | Noticed a phantom
  2730 | D:4      | Killed a phantom
  3051 | D:4      | Got a warped iron ring
  3450 | D:4      | Reached skill level 5 in Maces & Flails
  3477 | D:4      | Found a glowing golden altar of the Shining One.
  3581 | D:5      | Entered Level 5 of the Dungeon
  3584 | D:5      | Identified the ring "Gibbuni" {rElec rPois rN+ Stlth+} (You
                  | found it on level 4 of the Dungeon)
  3653 | D:5      | Found a glowing drain.
  3675 | Sewer    | Entered a sewer
  3693 | Sewer    | Reached *** piety under Vehumet
  3799 | Sewer    | Reached XP level 7. HP: 34/44 MP: 7/7
  3920 | Sewer    | Offered knowledge of Olgreb's Toxic Radiance by Vehumet.
  3922 | Sewer    | Reached skill level 6 in Maces & Flails
  4403 | Sewer    | Reached **** piety under Vehumet
  5019 | D:6      | Offered knowledge of Hailstorm by Vehumet.
  5020 | D:6      | Reached skill level 7 in Maces & Flails
  5032 | D:6      | Found a sand-covered staircase.
  5040 | Ossuary  | Entered an ossuary
  5099 | Ossuary  | Reached XP level 8. HP: 49/49 MP: 8/8
  5151 | Ossuary  | Reached skill level 8 in Maces & Flails
  5330 | D:6      | Reached ***** piety under Vehumet
  5493 | D:6      | Offered knowledge of Orb of Destruction by Vehumet.
  5615 | D:6      | Reached skill level 9 in Maces & Flails
  5901 | D:6      | Reached skill level 10 in Maces & Flails
  5967 | D:6      | Reached XP level 9. HP: 45/54 MP: 9/9
  6744 | D:7      | Reached skill level 11 in Maces & Flails
  7545 | D:7      | Found a staircase to the Ecumenical Temple.
  7789 | D:7      | Reached skill level 12 in Maces & Flails
  8140 | Temple   | Entered the Ecumenical Temple
  8552 | D:8      | Reached XP level 10. HP: 59/59 MP: 10/10
  8722 | D:8      | Reached skill level 13 in Maces & Flails
  8893 | D:9      | Found an iron altar of Okawaru.
  9464 | D:9      | Found a roughly hewn altar of Beogh.
  9632 | D:9      | Offered knowledge of Iskenderun's Mystic Blast by Vehumet.
  9736 | D:10     | Entered Level 10 of the Dungeon
  9914 | D:10     | Found a basalt altar of Yredelemnul.
 10038 | D:10     | Reached skill level 14 in Maces & Flails
 10203 | D:10     | Reached skill level 1 in Throwing
 10281 | D:10     | Identified a scroll of acquirement
 10282 | D:10     | Acquired the +0 pair of fencer's gloves {Riposte Dex+3}
 10283 | D:10     | Found the +0 pair of fencer's gloves {Riposte Dex+3}
 11215 | D:11     | Reached XP level 11. HP: 58/63 MP: 11/11
 11377 | D:11     | Found a staircase to the Lair.
 11655 | Lair:1   | Entered Level 1 of the Lair of Beasts
 11746 | D:11     | Reached skill level 5 in Throwing
 11920 | D:11     | Got a warped scimitar
 11921 | D:11     | Identified the +8 scimitar of Beogh's Envy {vorpal, *Drain
                  | Str+2 Int+6 SInv} (You found it on level 11 of the Dungeon)
 11933 | D:11     | Noticed a seven-headed hydra
 11940 | D:11     | Killed a nine-headed hydra
 12396 | D:11     | Noticed a brown ugly thing
 12405 | D:11     | Killed a brown ugly thing
 12696 | D:11     | Reached skill level 5 in Long Blades
 13284 | Lair:1   | Noticed Caczuus's ghost (novice SpEE)
 13289 | Lair:1   | Found a runed translucent gate.
 13289 | Lair:1   | Found a runed translucent gate.
 13289 | Lair:1   | Found a runed translucent gate.
 13462 | Lair:1   | Reached XP level 12. HP: 53/68 MP: 12/12
 13792 | Lair:1   | Offered knowledge of Eringya's Noxious Bog by Vehumet.
 14653 | Lair:2   | Noticed a four-headed hydra
 14676 | Lair:2   | Slain by a 14-headed hydra

Illustrated notes

Levels and vault maps discovered:
D:1:      scummos_arrival_gate, layout_loops_cross
D:2:      layout_rooms, chequers_ecumenical_altar_island, bh_walls_and_bars
D:3:      layout_basic, gammafunk_temple_overflow_pools,
          nzn_hepliaklqana_mist_gate, uniq_robin
D:4:      layout_loops_corners, tso_altar
D:5:      layout_cave_pools, gup_sewer_entry_pipe
D:6:      minmay_chambers_of_threes, layout_loops_ring,
          gup_ossuary_entry_pyramid
D:7:      layout_basic, minmay_temple_entry_large_hall, grunt_decor_junction
D:8:      layout_basic
D:9:      layout_roguey [special_room_orc], okawaru_trees_2
D:10:     layout_rooms, yredelemnul_altar_generic
D:11:     layout_gridville, david_lair_generic, minivault_25
Temple:   dpeg_five_rooms_temple
Lair:1:   layout_long_grid, gammafunk_ghost_split, gammafunk_lair_bear_cave
Lair:2:   layout_cave_pods, grunt_megastairs_5, infiniplex_staircase_pool

Skill      XL: |  1  2  3  4  5  6  7  8  9 10 11 12 |
---------------+-------------------------------------+-----
Fighting       | 4 5 |  5.0
Maces & Flails | 3 4 5 7 10 12 14 | 14.0
Shields        | 4 5 6 8 |  8.7
Throwing       | 3 5 |  5.0
Long Blades    | 6 8 |  8.2
Armour         | |  3.2

Action                   |  1- 3 |  4- 6 |  7- 9 | 10-12 || total
-------------------------+-------+-------+-------+-------++-------
Melee: Flail             |   102 |   300 |   715 |   470 ||  1587
       Scimitar          |       |       |       |   166 ||   166
Evoke: Wand              |       |       |     2 |     8 ||    10
       Lightning rod     |       |       |       |     5 ||     5
  Use: Scroll            |       |     6 |     7 |     3 ||    16
       Potion            |       |       |     3 |     2 ||     5
 Stab: Paralysed         |       |       |     3 |       ||     3
Armor: Scale mail        |    48 |   151 |   226 |       ||   425
       Chain mail        |       |       |   293 |   447 ||   740
Dodge: Dodged            |    33 |    83 |   175 |   144 ||   435
Block: Kite shield       |    52 |   163 |   389 |   385 ||   989
       Rpst.: Flail      |       |       |       |    16 ||    16
       Scimitar          |       |       |       |    24 ||    24
